← All builds
Suicide front / Cortex / Economy first / OBSERVED BUILD

Standard suicide front

Cortex Suicide front build order · Supreme Isthmus

The role's baseline economy-first play: fast Bot Lab, early Advanced Metal Extractor, and a Thug/Grunt/Aggravator mix pushed to hold the middle while teching up.

#raid #push · 1059 distinct matches · 187 players · 73% of Cortex Suicide front games · team won 57% of 1129 · Recently observed

HOW TO PLAY IT

Key timing: Bot Lab by 0:39

  1. Open 3 mex, then rush Bot Lab almost immediately.
  2. Finish Bot Lab and start pushing Thug, Grunt, Aggravator.
  3. Send units straight to middle to contest and stop leaks.
  4. Eat the Bot Lab for metal if 32% of games reach that point.
  5. Transition into Advanced Metal Extractor once middle is stable.

Phase by phase

TYPICAL OF ITS 1059 GAMES
  1. 1
  2. 2
  3. 3
PLAY THE OPENING

Follow the example game's first 6:00 step by step: what to build now, what comes next, and where it goes. At 1× it keeps pace with your own game.

  1. 1

    Up to the Bot Lab

    Economy
    • Metal Extractor2Mex
    Order
    1. Bot LabBot Lab after 2 mexdone ~0:36, middle half 0:27–0:45

    By 0:21 in all: 2 mex

    The example game in this phase · 2 steps
    1. Mex
    2. Bot LabBot Labdone 0:27 · typical 0:36
  2. 2

    Bot Lab to 5:00

    Economy
    • Metal Extractor3Mex
    • Wind Turbine2Wind
    Builders
    • Graverobber4 Graverobber
    • Construction Bot3 Con bot
    Army
    • Guard3 Guard
    • Thug16 Thug
    • Grunt3 Grunt
    Other
    • Radar Tower1 Radar Tower

    Some games also: aggravator (38%) · con turret (31%)

    By 5:00 in all: 5 mex · 3 wind

    The example game in this phase · 24 steps
    1. Wind
    2. GraverobberGraverobber
    3. GruntGrunt ×4
    4. Construction BotCon bot
    5. GraverobberGraverobber
    6. GuardGuard
    7. ThugThug
    8. Mex
    9. ThugThug ×2
    10. Mex
    11. ThugThug ×2
    12. Construction BotCon bot
    13. Mex
    14. GraverobberGraverobber
    15. Radar TowerRadar Tower
    16. ThugThug ×2
    17. GuardGuard
    18. ThugThug ×2
    19. AggravatorAggravator ×4
    20. Mex
    21. GuardGuard
    22. AggravatorAggravator ×2
    23. Con turret
    24. AggravatorAggravator ×2
  3. 3

    5:00 to 10:00

    Economy
    • Metal Extractor1Mex
    • Wind Turbine12Wind
    Builders
    • Construction Turret1 Con turret
    • Graverobber3 Graverobber
    • Construction Bot1 Con bot
    Army
    • Guard1 Guard
    • Thug11 Thug
    • Grunt1 Grunt

    Some games also: aggravator (42%) · Radar Tower (39%) · energy storage (37%) · Twin Guard (31%)

    By 10:00 in all: 6 mex · 16 wind · 2 con turret

    The example game in this phase · 76 steps
    1. AggravatorAggravator ×2
    2. ThugThug
    3. Wind
    4. AggravatorAggravator
    5. Wind
    6. AggravatorAggravator
    7. Wind
    8. AggravatorAggravator
    9. Wind
    10. AggravatorAggravator
    11. Wind
    12. AggravatorAggravator
    13. Wind
    14. GruntGrunt
    15. Wind
    16. GruntGrunt ×5
    17. GraverobberGraverobber
    18. Wind
    19. GraverobberGraverobber
    20. Wind
    21. Dragon's TeethDragon's Teeth
    22. GraverobberGraverobber
    23. Wind
    24. GuardGuard
    25. GraverobberGraverobber
    26. ThugThug
    27. GruntGrunt ×3
    28. Wind
    29. GruntGrunt ×6
    30. Wind
    31. GruntGrunt
    32. ThugThug
    33. GuardGuard
    34. Wind
    35. Advanced Metal ExtractorT2 mexdone 11:00 · typical 10:00
    36. ThugThug
    37. Wind
    38. Con turret
    39. ThugThug
    40. Wind
    41. AggravatorAggravator
    42. Radar TowerRadar Tower
    43. Con turret
    44. ThugThug
    45. Wind
    46. GraverobberGraverobber
    47. Advanced Metal ExtractorT2 mex
    48. Mex
    49. GraverobberGraverobber
    50. CastroCastro
    51. GraverobberGraverobber
    52. Naval Radar / Sonar TowerNaval Radar / Sonar Tower
    53. GruntGrunt
    54. GruntGrunt ×2for Geo
    55. Mex
    56. GruntGrunt ×4for Geo
    57. Advanced Metal ExtractorT2 mex
    58. GruntGruntfor Geo
    59. Energy storage
    60. GruntGrunt
    61. Con turret
    62. GruntGrunt
    63. GraverobberGraverobber
    64. Advanced Metal ExtractorT2 mex
    65. Energy storage
    66. RattlesnakeRattlesnakedone 13:47
    67. Wind ×2
    68. Bot LabEat Bot Labreclaimed for its metal
    69. Wind ×11
    70. Pit BullPit Bull
    71. Wind ×9
    72. Cloakable Fusion ReactorCloakable Fusion Reactornot finished by 15:00
    73. Wind ×2
    74. Converter ×2
    75. Wind
    76. Converter

Counts are medians over the build's games: half of them build more, half fewer. The example game is KingSizeCondom's (34 OS, 20/08/2026); pick another.

Team trades

IN AT LEAST 30% OF ITS GAMES

You hand over

Nothing regular.

You get

  • Tidal Generator4 Tidal from Pondfirst at 0:11 · in 69% of games
  • Advanced Construction Bot1 T2 con bot from Geo or Techfirst at 7:46 · in 55% of games

How it plays out

Typical game of this build, running totals by minute

Metal produced

010k20k
0:005:0010:0015:00

metal

Enemy metal destroyed

05k10k
0:005:0010:0015:00

metal

Own metal lost

05k10k
0:005:0010:0015:00

metal

1129 games.

Show as table
ByMetal produced: This buildEnemy metal destroyed: This buildOwn metal lost: This build
1:0033000
2:0094400
3:002036216173
4:003125733632
5:00428115421394
6:00547425052331
7:00664936373310
8:00782945654355
9:00894453015270
10:001021360176154
11:001158865676915
12:001316370367714
13:001475877548382
14:001637283518916
15:001774489709568
WHAT THE NUMBERS SAY

This baseline wins more often than most other roles' standard builds, with early aggression showing in high kills and losses alike.

  • + Team wins 54% of games, best winrate among the roles shown.
  • + First kill lands very early at 2:07 in all games.
  • − Own metal lost is heavy early, 1439 by 5:00.
  • − Enemy destroyed stays close to own losses through 15:00, a costly front.
THE EXAMPLE YOU ARE READING

KingSizeCondom

33.9 OS · 20/08/2026

Open source match ↗

15 received units · includes a constructor
34 metal received · 16919 energy received

Allied construction assistance is unknown. Timings are observations, not a promise of solo reproducibility.

Typical milestones

Bot Lab0:36Middle 50%: 0:27–0:45 · n=1123
Advanced Metal Extractor10:00Middle 50%: 9:00–11:14 · n=703

Played most by

XXMACGAMERXX134games of this build_Hawkey_70games of this build_X_61games of this buildrealisticjo53games of this buildAbyssFalcon48games of this build

Supporting games

Pick a game to read and play it above.

AbyssFalcon14/10/2026 · 35 OS↗JustSomeGuy14/10/2026 · 43 OS↗_Hawkey_14/10/2026 · 65 OS↗Ling_long14/10/2026 · 41 OS↗XXMACGAMERXX14/10/2026 · 41 OS↗XXMACGAMERXX14/10/2026 · 42 OS↗_Hawkey_14/10/2026 · 65 OS↗XXMACGAMERXX14/10/2026 · 42 OS↗KingSizeCondom20/08/2026 · 34 OS↗
32 more of 1121, the most recentXXMACGAMERXX14/10/2026 · 42 OS↗_Hawkey_14/10/2026 · 65 OS↗XXMACGAMERXX14/10/2026 · 42 OS↗Private_Gator13/10/2026 · 30 OS↗hox213/10/2026 · 32 OS↗hox213/10/2026 · 32 OS↗Thors_Hammer13/10/2026 · 31 OS↗AinzIsHere13/10/2026 · 39 OS↗AinzIsHere13/10/2026 · 39 OS↗_Hawkey_13/10/2026 · 65 OS↗I_pawngame_u13/10/2026 · 37 OS↗Lexosis13/10/2026 · 37 OS↗AinzIsHere13/10/2026 · 42 OS↗_Hawkey_13/10/2026 · 65 OS↗Rexalidus13/10/2026 · 35 OS↗Rexalidus13/10/2026 · 35 OS↗XXMACGAMERXX13/10/2026 · 40 OS↗XXMACGAMERXX13/10/2026 · 40 OS↗gmansawesome13/10/2026 · 33 OS↗[Cookie]CottonBuds13/10/2026 · 30 OS↗Fullchord13/10/2026 · 33 OS↗Vaticineur13/10/2026 · 32 OS↗DontStreamSnipeMeBro13/10/2026 · 30 OS↗FrontLiner69er12/10/2026 · 33 OS↗Sevendcell12/10/2026 · 30 OS↗ITz_SkySovereign12/10/2026 · 35 OS↗Sevendcell12/10/2026 · 30 OS↗Sevendcell12/10/2026 · 30 OS↗Hunfore12/10/2026 · 33 OS↗_Hawkey_12/10/2026 · 65 OS↗XXMACGAMERXX12/10/2026 · 40 OS↗XXMACGAMERXX12/10/2026 · 40 OS↗
Supreme Isthmus v2.1
Beyond All Reason test-31001-7b9fbd4
Naval balance tweaks on